Map: Coda LE (Void)

Players

Geiko

  • Race: Protoss Protoss

JBroms - Winner!

  • Race: Protoss Protoss

VOD

Have the link to the VOD?

Description

Time

  • Played on: May 2, 2015, 11:17 a.m.
  • Length: 4:49
Show
View Real Time Build Order
Export as new Build Order

Geiko Protoss 

Build Orders: 4 Gate Adept 

Get SALT Encoding   

  12  0:08  Pylon  
  12  0:13  Probe  
  13  0:27  Gateway  
  13  0:31  Probe (Chrono Boost)  
  14  0:41  Probe (Chrono Boost), Assimilator  
  15  0:48  Probe  
  16  1:00  Probe  
  16  1:01  Gateway  
  17  1:12  Probe  
  17  1:16  Cybernetics Core  
  18  1:23  Zealot  
  20  1:27  Probe  
  21  1:35  Pylon  
  21  1:39  Probe  
  22  1:53  Adept x2  
  26  1:55  Warp Gate (Chrono Boost)  
  26  2:02  Probe  
  27  2:14  Probe  
  28  2:20  Twilight Council  
  26  2:40  Probe  
  27  2:48  Gateway  
  27  2:50  Gateway  
  27  2:56  Assimilator  
  25  3:08  Pylon  
  25  3:13  Probe  
  19  3:42  Adept x2  
  12  4:28  Adept x2  
Show
View Real Time Build Order
Export as new Build Order

JBroms Protoss - Winner!

Build Orders: Proxy 2 Gate Adepts 

Get SALT Encoding   

  12  0:00  Probe  
  13  0:13  Probe  
  14  0:29  Assimilator  
  14  0:38  Pylon  
  14  0:56  Probe  
  15  0:59  Gateway  
  15  1:00  Gateway  
  15  1:09  Probe (Chrono Boost)  
  17  1:19  Probe (Chrono Boost)  
  17  1:21  Pylon  
  17  1:26  Probe  
  18  1:38  Probe  
  19  1:47  Zealot x2 (Chrono Boost)  
  23  1:57  Cybernetics Core  
  20  2:38  Adept x2 (Chrono Boost)  
  20  2:43  Mothership Core  
  22  2:58  Adept x2  
  26  3:06  Probe  
  26  3:29  Adept x2  
  15  4:04  Adept x2  
  16  4:23  Probe  
  15  4:35  Probe  
Tags
 
Add a new tag
Caveats
  • Supply blocks, unpowered buildings, or Contaminate may cause inaccurate times.
  • Supply counts are checked every 10 seconds.